 Dungeon Crawl Stone Soup version 0.31-a0-1576-ga3383bade6 (webtiles) character file.

Game seed: 13004599230030052389

266 CowFu the Cudgeller (level 6, -5/36 HPs)
             Began as a Gargoyle Reaver on Jan 4, 2024.
             Was an Initiate of the Shining One.
             Killed by divine providence
             ... invoked by an orc priest
              (10 damage)
             ... on level 4 of the Dungeon.
             The game lasted 00:02:46 (3178 turns).

CowFu the Cudgeller (Gargoyle Reaver)               Turns: 3178, Time: 00:02:47

Health: -5/36      AC:  7    Str: 18    XL:     6   Next: 20%
Magic:  0/9        EV: 11    Int: 13    God:    the Shining One [......]
Gold:   174        SH:  0    Dex:  8    Spells: 8/9 levels left

rFire   + . .        a - +0 mace
rCold   . . .        (no shield)
rNeg    + . .        b - +0 leather armour
rPois   ∞            (no helmet)
rElec   +            (no cloak)
rCorr   .            (no gloves)
SInv    .            (no boots)
Will    .....        l - amulet of guardian spirit
Stlth   +            j - ring of protection from fire
HPRegen 0.26/turn    (no ring)
MPRegen 0.11/turn

%: guardian spirit
@: glowing
A: sickness immunity, AC +4, negative energy resistance 1, electricity
resistance, torment resistance 1, petrification resistance
a: Renounce Religion


You were on level 4 of the Dungeon.
You worshipped the Shining One.
The Shining One was noncommittal.
You visited 2 branches of the dungeon, and saw 6 of its levels.

You collected 174 gold pieces.

Inventory:

Hand Weapons
 a - a +0 mace (weapon)
Missiles
 i - 2 throwing nets
Armour
 b - a +0 leather armour (worn)
Jewellery
 j - a ring of protection from fire (left hand)
 l - an amulet of guardian spirit (around neck)
Wands
 n - a wand of roots (12)
Scrolls
 c - 6 scrolls of identify {unknown}
 e - a scroll of immolation {unknown}
 f - a scroll of revelation {unknown}
 g - a scroll of teleportation {unknown}
 h - a scroll of vulnerability {unknown}
 m - a scroll of blinking {unknown}
Potions
 d - 3 potions of lignification {unknown}
 k - a potion of invisibility {unknown}


   Skills:
 + Level 2.9 Fighting
 + Level 6.2 Maces & Flails
 + Level 1.5 Armour
 - Level 1.5 Dodging
 - Level 2.0 Spellcasting
 - Level 3.2 Conjurations


You had 8 spell levels left.
You knew the following spells:

 Your Spells              Type           Power      Damage    Failure   Level
a - Kiss of Death         Conj/Necr      20%        2d7       16%         1

Your spell library contained the following spells:

 Spells                   Type           Power      Damage    Failure   Level
 Momentum Strike          Conj/Tloc      10%        3d8       24%         2
 Hailstorm                Conj/Ice       5%         3d5       43%         3
 Summon Ice Beast         Ice/Summ       1%         N/A       65%         3
 Anguish                  Hex/Necr       0%         N/A       96%         4
 Cause Fear               Hex            0%         N/A       96%         4
 Sculpt Simulacrum        Ice/Alch       0%         N/A       100%        6
 Enfeeble                 Hex            0%         N/A       100%        7


Dungeon Overview and Level Annotations

Branches:
Dungeon (5/15)             Temple (1/1) D:4

Altars:
Ashenzari
Fedhas
Gozag
Kikubaaqudgha
Nemelex Xobeh
Okawaru
Trog
Wu Jian
Zin
The Shining One


Innate Abilities, Weirdness & Mutations

You are immune to sickness and miasma.
Your stone body is resilient. (AC +4)
You are immune to poison.
You resist negative energy. (rN+)
You are resistant to electric shocks. (rElec)
You are resistant to unholy torment.
You are immune to petrification.


Message History

You barely miss the orc priest. The orc hits you with a +0 flail.
The orc priest hits you with a +0 flail.
You hit the orc priest.
The orc priest is lightly wounded.
The orc barely misses you. The orc priest barely misses you.
You hit the orc priest.
The orc priest is moderately wounded.
The orc hits you with a +0 flail!
The orc priest calls down the wrath of Beogh upon you.
Pain shoots through your body!
You hit the orc priest but do no damage.
The orc priest is moderately wounded.
The orc hits you with a +0 flail.
The orc priest calls down the wrath of Beogh upon you.
Pain shoots through your body!
* * * LOW HITPOINT WARNING * * *
You are too injured to fight recklessly!
You are too injured to fight recklessly!
You are too injured to fight recklessly!
You are too injured to fight recklessly!
You are too injured to fight recklessly!
You are too injured to fight recklessly!
You are too injured to fight recklessly!
You are too injured to fight recklessly!
You are too injured to fight recklessly!
You are too injured to fight recklessly!
You are too injured to fight recklessly!
You are too injured to fight recklessly!
You are too injured to fight recklessly!
You are too injured to fight recklessly!
You are too injured to fight recklessly!
You are too injured to fight recklessly!
You are too injured to fight recklessly!
You closely miss the orc priest.
The orc priest is moderately wounded.
The orc hits you with a +0 flail.
* * * LOW HITPOINT WARNING * * *
The orc priest mumbles some strange prayers to Beogh against you.
Beogh smites you!
You die...

....#.# ##....#
....#.# ##.....#
....#.#####......#
#......#....###.##
...##.....### #.#
.......##..####.##
#....##..........#
................>#
#.(####........o@#
#..# #########o##
#..# #o# ...# ##.#
##.# #..# #.# #.##
#># #.# #.# #.#
#.# #.#


You could see an orc priest and 2 orcs.

Vanquished Creatures
  A phantom (D:4)
  A scorpion (D:5)
  A bombardier beetle (D:4)
  5 adders
  3 dart slugs (D:1)
  3 ribbon worms
  3 orcs (D:4)
  2 endoplasms
  2 giant cockroaches (D:1)
  5 goblins
  2 hobgoblins
  A quokka (D:4)
  8 ball pythons
  2 bats (D:2)
  5 frilled lizards
  6 kobolds
  2 rats
52 creatures vanquished.

Notes
Turn   | Place    | Note
-------+----------+-------------------------------------------
     0 | D:1      | CowFu the Gargoyle Reaver began the quest for the Orb.
     0 | D:1      | Reached XP level 1. HP: 12/12 MP: 3/3
    69 | D:1      | Reached XP level 2. HP: 14/17 MP: 5/5
   688 | D:1      | Reached skill level 4 in Maces & Flails
   880 | D:2      | Found an ancient bone altar of Kikubaaqudgha.
   916 | D:2      | Reached XP level 3. HP: 21/21 MP: 6/6
  1866 | D:3      | Reached XP level 4. HP: 25/26 MP: 7/7
  2244 | D:3      | Reached skill level 5 in Maces & Flails
  2378 | D:4      | Found a staircase to the Ecumenical Temple.
  2388 | Temple   | Entered the Ecumenical Temple
  2411 | Temple   | Became a worshipper of the Shining One
  2438 | D:4      | Noticed a phantom
  2458 | D:4      | Killed a phantom
  2459 | D:4      | Reached XP level 5. HP: 12/30 MP: 8/8
  2609 | D:4      | Reached skill level 6 in Maces & Flails
  2996 | D:5      | Entered Level 5 of the Dungeon
  3031 | D:5      | Reached skill level 1 in Armour
  3031 | D:5      | Reached XP level 6. HP: 9/36 MP: 2/9
  3178 | D:4      | Killed from afar by an orc priest

Illustrated notes

Levels and vault maps discovered:
D:1:      dpeg_arrival_windows_large_door, layout_basic,
          chequers_serial_rivers_room_a, patterned_corridor
D:2:      layout_basic, basic_altar
D:3:      layout_loops_cross, kennysheep_generic_room_10
D:4:      layout_rooms, nicolae_hepliaklqana_hippocampus, temple_statues
D:5:      layout_cave_pods, old_standard_altar, marbit_many_paths
Temple:   chequers_temple_sunken

Skill      XL: |  1  2  3  4  5 |
---------------+----------------+-----
Maces & Flails | 4 5 6 |  6.2
Armour         | 1 |  1.5
Fighting       | |  2.9
Dodging        | |  1.5
Spellcasting   | |  2.0
Conjurations   | |  3.2

Action                     |  1- 3 |  4- 6 || total
---------------------------+-------+-------++-------
  Melee: Mace              |    98 |   122 ||   220
         Punch             |     1 |       ||     1
 Armour: Leather armour    |    54 |    83 ||   137
  Dodge: Dodged            |    56 |    60 ||   116

Table legend: (Time is in decaauts)
 A = Elapsed time spent in this place.
 B = Non-inter-level travel time spent in this place.
 C = Inter-level travel time spent in this place.
 D = Time resting spent in this place.
 E = Time spent auto-exploring this place.
 F = Levels seen in this place.
 G = Mean time per level.
                   A        B        C        D        E       F      G
               +--------+--------+--------+--------+--------+-----+--------+
         Total |   3219 |   3071 |    148 |      0 |   2531 |   6 |  536.5 |
       Dungeon |   3165 |   3039 |    126 |      0 |   2531 |   5 |  633.0 |
        Temple |     53 |     31 |     22 |      0 |      0 |   1 |   53.0 |
               +--------+--------+--------+--------+--------+-----+--------+

Top non-repeatable levels by time:
     D:2: 909 daAuts
     D:1: 804 daAuts
     D:3: 687 daAuts
     D:4: 593 daAuts
     D:5: 171 daAuts
  Temple: 53 daAuts
